 Dungeon Crawl Stone Soup version 0.25-a0-663-gace7076 (webtiles) character file.

Game seed: 3007660240558917104, levelgen mode: deterministic

1033 Lindan9 the Chopper (level 8, -2/63 HPs)
             Began as a Demonspawn Abyssal Knight on Mar 24, 2020.
             Was a Priest of Lugonu.
             Slain by an ogre
             ... wielding a +0 giant club
              (11 damage)
             ... on level 5 of the Dungeon on Mar 25, 2020.
             The game lasted 00:34:08 (4642 turns).

Lindan9 the Chopper (Demonspawn Abyssal Knight)     Turns: 4642, Time: 00:34:09

Health: -2/63      AC: 16    Str: 16    XL:     8   Next: 3%
Magic:  10/10      EV:  7    Int: 13    God:    Lugonu [***...]
Gold:   253        SH:  0    Dex: 15    Spells: 7/7 levels left

rFire    . . .     SeeInvis .   w - +0 war axe
rCold    . . .     Gourm    .   (no shield)
rNeg     . . .     Faith    .   i - +2 chain mail
rPois    +         Spirit   .   (no helmet)
rElec    .         Reflect  .   (no cloak)
rCorr    .         Harm     .   h - +1 pair of gloves {Dex+3}
MR       .....                  (no boots)
Stlth    ..........             (no amulet)
HPRegen  0.20/turn              p - ring of poison resistance
MPRegen  0.12/turn              (no ring)

@: marked
A: thin metallic scales 2, spiny 1
a: Depart the Abyss, Bend Space, Banish, Renounce Religion


You were on level 5 of the Dungeon.
You worshipped Lugonu.
Lugonu was most pleased with you.
You were not hungry.

You visited 1 branch of the dungeon, and saw 5 of its levels.
You visited the Abyss 1 time.

You collected 253 gold pieces.

Inventory:

Hand Weapons
 a - a +1 hand axe
 f - a +0 hand axe
 g - a +0 short sword
 w - a +0 war axe (weapon)
 y - a +2 dagger of flaming
Armour
 b - a +0 leather armour
 h - a +1 pair of gloves of dexterity (worn)
 i - a +2 chain mail (worn)
 s - a +0 scale mail
Jewellery
 p - a ring of poison resistance (left hand)
Scrolls
 d - a scroll of amnesia
 e - 5 scrolls of immolation
 k - 3 scrolls of random uselessness {unknown}
 m - 2 scrolls of noise {unknown}
 o - 5 scrolls of remove curse
 r - a scroll of enchant weapon {unknown}
 v - a scroll of magic mapping {unknown}
 z - a scroll of identify
Potions
 j - a potion of brilliance
 l - 2 potions of degeneration
 n - a potion of mutation
 q - a potion of cancellation
 t - 2 potions of stabbing {unknown}
 u - a potion of curing
 x - 2 potions of might {unknown}
Comestibles
 c - 7 rations


   Skills:
 + Level 5.5 Fighting
 + Level 6.2 Axes
 + Level 3.8 Armour
 + Level 2.2 Dodging
 + Level 0.4 Stealth
 + Level 2.7 Invocations


You had 7 spell levels left.
You didn't know any spells.
Your spell library contained the following spells:

 Spells                   Type           Power        Failure   Level  Hunger
 Apportation              Tloc           #.....       99%         1    ##.....
 Summon Butterflies       Summ           #.......     99%         1    ##.....
 Lesser Beckoning         Tloc           #.........   100%        3    ####...
 Tukima's Dance           Hex            #.......     100%        3    ####...
 Alistair's Intoxication  Tmut/Pois      #.......     100%        5    ######.
 Invisibility             Hex            #.......     100%        6    #######


Dungeon Overview and Level Annotations

Branches:
Dungeon (5/15)
 Temple: D:4-7

Altars:
Ashenzari
Fedhas
Gozag
Nemelex Xobeh
Xom


Innate Abilities, Weirdness & Mutations

You are mostly covered in thin metallic scales. (AC +3)
You are partially covered in sharp spines.


Message History

* * * LOW HITPOINT WARNING * * *
You are too injured to fight recklessly!
You are too injured to fight recklessly!
You hit the ogre but do no damage.
The ogre is heavily wounded.
The ogre barely misses you.
You hit the ogre.
The ogre is severely wounded.
The ogre hits you with a +0 giant club!
* * * LOW HITPOINT WARNING * * *
You barely miss the ogre.
The ogre is severely wounded.
The ogre barely misses you.
You hit the ogre.
The ogre is severely wounded.
The ogre closely misses you.
You hit the ogre.
The ogre is severely wounded.
The ogre hits you with a +0 giant club!
You die...

...#..#####
#..........
..#.#####.# ...#..#
#.# ### .##.#.# #.#
#######8### ....#)#
#.###...#._._.
###.#.###.......##O..#
..........###.####≈.≈#
###.#.###.# #.##@##'#
# #.#.# #.# #.##.O..#
###.#.# #.# #)##...##
....#.# #.# #.#.....#
#####.# #.# #.#.....#
......# #># #.#.#.#.#
......#
#.###.#.#.#.###
...##.#
#.....)........ #..#
..............###


You could see an ogre.

Vanquished Creatures
  Eustachio (D:4)
  A sky beast (D:5)
  A phantom (D:4)
  An ogre (D:4)
  A centaur (D:5)
  A scorpion (D:4)
  2 howler monkeys (D:4)
  A hound (D:4)
  2 orc priests (D:5)
  An iguana (D:5)
  3 orc wizards (D:5)
  3 worker ants
  A howler monkey zombie (D:5)
  7 adders
  3 worms (D:2)
  A dart slug (D:1)
  6 leopard geckos
  9 orcs
  8 bats
  4 giant cockroaches
  14 goblins
  5 hobgoblins
  7 kobolds
  4 ball pythons
  4 frilled lizards
  8 rats
99 creatures vanquished.

Notes
Turn   | Place    | Note
-------+----------+-------------------------------------------
     0 | Abyss:1  | Lindan9 the Demonspawn Abyssal Knight began the quest for
                  | the Orb.
     0 | Abyss:1  | Reached XP level 1. HP: 18/18 MP: 2/2
    80 | Abyss:2  | Found a corrupted altar of Lugonu.
   131 | Abyss:2  | Noticed a starcursed mass
   138 | D:1      | Escaped the Abyss
   188 | D:1      | Reached * piety under Lugonu
   215 | D:1      | Gained mutation: You are partially covered in thin metallic
                  | scales. (AC +2) [demonic ancestry]
   215 | D:1      | Reached XP level 2. HP: 16/24 MP: 3/3
   577 | D:1      | Reached skill level 2 in Axes
  1300 | D:2      | Found a shattered altar of Ashenzari.
  1313 | D:2      | Reached XP level 3. HP: 26/30 MP: 5/5
  1821 | D:2      | Reached skill level 1 in Dodging
  1947 | D:2      | Gained mutation: You are mostly covered in thin metallic
                  | scales. (AC +3) [demonic ancestry]
  1947 | D:2      | Reached XP level 4. HP: 27/37 MP: 6/6
  1954 | D:2      | Found a shimmering altar of Xom.
  2299 | D:2      | Reached ** piety under Lugonu
  2769 | D:3      | Found a sparkling altar of Nemelex Xobeh.
  2837 | D:3      | Reached skill level 3 in Axes
  2840 | D:3      | Reached XP level 5. HP: 42/42 MP: 7/7
  3270 | D:4      | Noticed Eustachio
  3335 | D:4      | Reached XP level 6. HP: 48/49 MP: 8/8
  3393 | D:4      | Killed Eustachio
  3393 | D:4      | Reached skill level 4 in Axes
  3516 | D:4      | Reached skill level 5 in Fighting
  3516 | D:4      | Reached skill level 5 in Axes
  3516 | D:4      | Gained mutation: You are partially covered in sharp spines.
                  | [demonic ancestry]
  3516 | D:4      | Reached XP level 7. HP: 18/56 MP: 9/9
  4232 | D:5      | Entered Level 5 of the Dungeon
  4328 | D:5      | Reached skill level 6 in Axes
  4600 | D:5      | Reached *** piety under Lugonu
  4605 | D:5      | Reached XP level 8. HP: 57/63 MP: 10/10
  4630 | D:5      | Found an opulent altar of Gozag.
  4630 | D:5      | Found a blossoming altar of Fedhas.
  4642 | D:5      | Slain by an ogre

Levels and vault maps discovered:
D:1:      dpeg_arrival_subterranean_lakeside_camping, layout_basic
D:2:      layout_basic, lemuel_crystal_altar, overflow_temple_1_default,
          first_ration
D:3:      layout_loops_ring, nemelex_xobeh_ov_fountains_minmay
D:4:      layout_basic, uniq_eustachio
D:5:      layout_loops_ring, lemuel_crystal_altar,
          gammafunk_temple_overflow_statue, minmay_temple_entry_junction_2

Skill      XL: |  1  2  3  4  5  6  7 |
---------------+----------------------+-----
Axes           | 2 3 5 6 |  6.2
Armour         | 2 3 |  3.8
Dodging        | 1 2 |  2.2
Fighting       | 4 5 |  5.5
Stealth        | |  0.4
Invocations    | |  2.7

Action                   |  1- 3 |  4- 6 |  7- 9 || total
-------------------------+-------+-------+-------++-------
Melee: Hand axe          |   129 |   169 |       ||   298
       War axe           |       |    82 |    64 ||   146
Invok: Depart the Abyss  |     1 |       |       ||     1
  Use: Scroll            |    10 |     2 |     1 ||    13
  Eat: Ration            |     1 |     2 |     1 ||     4
Armor: Leather armour    |    25 |       |       ||    25
       Chain mail        |    57 |   186 |    28 ||   271
Dodge: Dodged            |    73 |    88 |    17 ||   178

Table legend:
 A = Non-vault XP
 B = Vault XP
 C = Vault XP percentage of total XP
 D = Non-vault monster count
 E = Vault monster count
 F = Vault count percentage of total count
                 A         B        C        D         E       F
            +---------+---------+-------+---------+---------+-------
      Total |    1269 |     207 |  14.0 |      92 |       7 |   7.1
            +---------+---------+-------+---------+---------+-------
        D:1 |      28 |      10 |  26.3 |      16 |       6 |  27.3
        D:2 |      93 |       0 |   0.0 |      27 |       0 |   0.0
        D:3 |      66 |       0 |   0.0 |      17 |       0 |   0.0
        D:4 |     522 |     197 |  27.4 |      17 |       1 |   5.6
        D:5 |     560 |       0 |   0.0 |      15 |       0 |   0.0
            +---------+---------+-------+---------+---------+-------
